Map: Winter Madness LE

Players

HoldTheDoor

  • Race: Protoss Protoss
  • League: Diamond
  • Spawn Location: 5:00

curlykale - Winner!

  • Race: Terran Terran
  • League: Diamond
  • Spawn Location: 11:00

VOD

Have the link to the VOD?

Description

Time

  • Played on: May 2, 2026, 12:47 p.m.
  • Length: 12:48
Show
View Real Time Build Order
Export as new Build Order

HoldTheDoor Protoss 

Build Orders:  

Get SALT Encoding   

  12  0:00  Probe  
  13  0:12  Probe  
  14  0:17  Pylon  
  14  0:24  Probe  
  15  0:32  Probe  
  15  0:39  Gateway  
  15  0:40  Probe  
  16  0:49  Assimilator  
  17  0:50  Probe  
  18  1:03  Probe  
  19  1:08  Pylon  
  19  1:15  Probe  
  19  1:18  Gateway  
  20  1:27  Probe  
  21  1:33  Cybernetics Core  
  21  1:41  Assimilator  
  21  1:43  Probe  
  22  1:49  Pylon  
  22  1:55  Probe  
  23  2:02  Adept  
  23  2:07  Probe  
  24  2:10  Adept  
  24  2:11  Warp Gate  
  28  2:19  Probe  
  28  2:22  Gateway  
  29  2:35  Pylon  
  29  2:43  Probe  
  30  2:55  Nexus  
  30  2:56  Pylon  
  30  3:11  Stalker  
  30  3:14  Sentry  
  32  3:22  Robotics Facility  
  32  3:25  Twilight Council  
  32  3:33  Probe  
  33  3:37  Shield Battery  
  33  3:46  Probe  
  34  3:53  Charge  
  34  3:58  Probe, Shield Battery  
  34  4:00  Adept x2  
  39  4:10  Probe  
  39  4:14  Immortal  
  40  4:22  Probe  
  45  4:28  Probe  
  46  4:34  Probe  
  46  4:37  Zealot  
  46  4:38  Zealot  
  51  4:41  Probe  
  52  4:45  Gateway  
  52  4:46  Probe  
  52  4:52  Gateway  
  53  4:58  Pylon  
  53  4:59  Probe  
  54  5:06  Assimilator  
  54  5:12  Observer  
  54  5:15  Pylon  
  54  5:16  Probe  
  54  5:19  Forge  
  56  5:22  Probe  
  56  5:23  Warp Prism  
  56  5:24  Pylon  
  57  5:31  Sentry  
  57  5:33  Zealot  
  63  5:40  Probe  
  64  5:43  Zealot  
  64  5:45  Probe  
  64  5:49  Zealot  
  69  5:56  Probe  
  70  6:00  Immortal  
  74  6:04  Zealot  
  74  6:05  Zealot  
  74  6:10  Pylon  
  78  6:11  Pylon  
  78  6:15  Pylon  
  77  6:28  Zealot  
  77  6:29  Zealot x3  
  85  6:37  Probe, Templar Archives  
  86  6:41  Robotics Bay  
  86  6:42  Pylon  
  86  6:47  Photon Cannon  
  86  6:48  Probe  
  86  6:49  Probe  
  88  6:55  Protoss Ground Weapons Level 1  
  88  6:57  Stalker x2  
  88  6:59  Sentry  
  94  7:04  Psionic Storm  
  94  7:12  Probe  
  95  7:19  Probe  
  95  7:21  Assimilator  
  96  7:22  High Templar  
  98  7:31  Zealot  
  98  7:32  Zealot x2  
  98  7:35  Probe x2  
  106  7:47  Probe  
  75  8:06  Zealot x4  
  67  8:21  Colossus  
  63  8:27  Nexus  
  63  8:30  Pylon  
  63  8:33  Pylon  
  69  8:38  High Templar x3  
  69  8:41  Zealot  
  77  8:42  Probe x2  
  79  8:55  Gateway  
  79  8:57  Gateway  
  79  8:59  Gateway, Probe  
  79  9:00  Probe, Gateway  
  81  9:04  Pylon  
  81  9:06  Pylon  
  81  9:07  Photon Cannon  
  81  9:10  Pylon  
  81  9:13  Photon Cannon  
  81  9:14  Pylon  
  81  9:16  Colossus  
  87  9:26  Zealot  
  87  9:30  High Templar x2  
  93  9:33  Archon  
  93  9:36  Zealot  
  93  9:38  Probe  
  96  9:39  Probe  
  97  9:45  Assimilator  
  97  9:47  Assimilator  
  97  9:50  Probe, Photon Cannon  
  98  9:53  Shield Battery  
  98  9:54  Probe  
  99  10:02  Extended Thermal Lance  
  99  10:06  High Templar  
  101  10:07  Zealot x2  
  101  10:09  Probe  
  101  10:12  Probe  
  107  10:15  Probe  
  108  10:28  Photon Cannon  
  108  10:30  Photon Cannon  
  108  10:31  High Templar x3, Pylon  
  108  10:32  Pylon  
  108  10:35  Archon  
  76  10:57  Zealot x5  
  82  11:08  Stalker x3  
  82  11:09  Probe  
  82  11:10  Probe  
  82  11:11  Colossus  
  90  11:18  Photon Cannon  
  90  11:22  Photon Cannon  
  90  11:24  Pylon  
  96  11:26  Stargate  
  96  11:30  Gateway  
  96  11:32  Gateway  
  96  11:34  Gateway  
  96  11:38  Gateway, Pylon  
  96  11:42  High Templar x4  
  104  11:53  Zealot x4  
  112  12:06  Pylon  
  112  12:08  Pylon  
  112  12:10  Pylon  
  112  12:12  Pylon  
  112  12:16  Photon Cannon  
  112  12:17  Shield Battery  
  112  12:22  Phoenix  
  118  12:36  Zealot x5  
Show
View Real Time Build Order
Export as new Build Order

curlykale Terran - Winner!

Build Orders: Command Center First 

Get SALT Encoding   

  12  0:00  SCV  
  13  0:12  SCV  
  14  0:24  SCV  
  14  0:27  Supply Depot  
  15  0:54  Command Center  
  15  1:04  Barracks  
  15  1:17  Barracks  
  15  1:21  SCV  
  16  1:32  Refinery  
  16  1:36  SCV  
  17  1:51  Marine  
  17  1:53  Orbital Command  
  18  2:04  Bunker  
  18  2:07  Marine  
  19  2:13  Marine  
  20  2:24  Orbital Command  
  20  2:33  Marine x2  
  22  2:41  SCV  
  23  2:50  Marine  
  24  2:51  Marine  
  25  3:05  Command Center  
  25  3:13  Factory  
  25  3:21  SCV  
  25  3:22  SCV  
  25  3:26  Refinery  
  27  3:31  Engineering Bay  
  29  3:41  Barracks Reactor, Refinery  
  27  3:42  SCV x2  
  27  3:43  Barracks Tech Lab  
  29  3:58  Factory Tech Lab  
  29  3:59  Terran Infantry Weapons Level 1  
  29  4:00  Missile Turret  
  29  4:11  Stimpack  
  29  4:15  SCV x2  
  31  4:24  Siege Tank  
  31  4:28  Orbital Command  
  31  4:30  Marine x2  
  31  4:31  Marine  
  37  4:39  Missile Turret, SCV  
  37  4:40  SCV  
  39  4:52  Barracks  
  39  4:54  Marauder  
  39  4:56  SCV  
  39  4:57  SCV  
  43  5:03  Supply Depot  
  43  5:08  Siege Tank  
  43  5:10  Marine x2  
  43  5:13  SCV  
  49  5:15  SCV  
  49  5:16  SCV  
  51  5:25  Marauder  
  51  5:27  SCV x2  
  51  5:28  Supply Depot  
  55  5:34  SCV  
  56  5:35  Supply Depot  
  56  5:41  Barracks Reactor  
  56  5:44  Starport  
  56  5:45  Barracks Reactor  
  56  5:50  Barracks, SCV  
  56  5:52  SCV x2  
  56  5:56  Supply Depot  
  59  5:59  Marauder  
  59  6:02  Combat Shield  
  61  6:07  SCV  
  61  6:08  SCV  
  61  6:10  SCV  
  64  6:15  Terran Infantry Armor Level 1  
  64  6:20  Marauder  
  64  6:25  Medivac x2  
  70  6:29  SCV x3  
  73  6:36  Armory  
  73  6:40  Engineering Bay  
  73  6:42  SCV  
  73  6:43  SCV  
  73  6:45  Barracks Tech Lab  
  75  6:51  SCV  
  75  6:53  Barracks  
  76  6:54  SCV  
  76  6:55  Refinery  
  76  7:00  Supply Depot  
  77  7:02  Supply Depot  
  77  7:03  Supply Depot, Medivac  
  77  7:06  Liberator  
  82  7:08  Concussive Shells  
  82  7:09  Orbital Command  
  82  7:11  Missile Turret  
  82  7:16  Marauder, Marine  
  82  7:21  Marine  
  82  7:22  Marauder  
  88  7:28  Marine x2  
  88  7:29  Missile Turret  
  90  7:32  Siege Tank  
  90  7:34  Medivac, Marine  
  96  7:37  Marine  
  96  7:38  SCV x3  
  96  7:42  Barracks Reactor  
  100  7:46  Starport  
  100  7:50  SCV x2  
  101  7:56  Marine x2, Marauder  
  99  7:59  Marine x2  
  99  8:00  Marauder  
  94  8:14  Marine  
  94  8:16  Marine  
  94  8:17  Marine  
  94  8:18  Marauder, Marine  
  99  8:21  Marauder  
  99  8:25  Medivac x2  
  103  8:31  SCV x3  
  103  8:32  Siege Tank  
  109  8:37  Marine x4  
  109  8:39  Marine x3  
  116  8:42  Terran Infantry Weapons Level 2, Marine  
  117  8:53  Refinery  
  117  8:56  Marine, SCV x3, Refinery  
  117  8:57  Terran Vehicle And Ship Armor Level 1  
  117  8:58  Terran Infantry Armor Level 2  
  121  9:05  Supply Depot  
  121  9:08  SCV, Supply Depot  
  122  9:10  Supply Depot x2  
  122  9:13  Marine  
  122  9:14  Marauder  
  125  9:26  Marine x4  
  125  9:27  SCV x3, Starport Reactor  
  132  9:36  Command Center  
  132  9:39  SCV  
  132  9:40  Missile Turret, Marine x3  
  132  9:41  Marauder  
  132  9:44  Marine x2  
  140  9:50  Sensor Tower  
  140  9:51  SCV x2  
  140  9:52  SCV  
  143  9:54  Marine x2  
  143  9:57  Siege Tank  
  143  9:58  Marine x2  
  143  9:59  Marauder  
  152  10:00  Liberator  
  152  10:02  Marine  
  152  10:03  SCV  
  157  10:11  Liberator  
  160  10:15  Supply Depot  
  160  10:32  Supply Depot  
  160  10:34  Marine x3, Marauder  
  165  10:36  Marine x3  
  165  10:37  Marauder  
  156  10:52  Marine x3  
  156  10:54  Marine x2  
  156  10:56  Marauder, Marine  
  136  10:58  Siege Tank, Marauder  
  136  11:00  Medivac  
  136  11:01  Medivac  
  139  11:08  Viking  
  139  11:09  Viking, Marine x2  
  139  11:10  Marine  
  144  11:17  Marauder  
  146  11:30  Viking  
  146  11:31  Viking  
  146  11:32  Marine x4  
  154  11:33  Marine x2, Marauder  
  154  11:38  Viking, Marauder  
  154  11:39  Viking  
  164  11:47  Command Center  
  164  11:50  Marine x4  
  164  11:52  Marine x2  
  172  11:54  Marauder  
  172  11:59  Siege Tank, Marine  
  176  12:08  Viking x3, Marine x2  
  182  12:15  Missile Turret  
  184  12:17  Missile Turret  
Tags
 
Add a new tag
Caveats
  • Supply blocks, unpowered buildings, or Contaminate may cause inaccurate times.
  • Supply counts are checked every 10 seconds.